Map: Catalyst LE

Players

Hurricane - Winner!

  • Race: Protoss Protoss
  • Spawn Location: 11:00

INnoVation

  • Race: Terran Terran
  • Spawn Location: 5:00

Event: IEM Season 12 - Katowice

VOD

Have the link to the VOD?

Description

Time

  • Played on: March 1, 2018, 4:07 p.m.
  • Length: 11:45

All games in this series

Show
View Real Time Build Order
Export as new Build Order

Hurricane Protoss - Winner!

Build Orders: 1 Gate Expand, Oracle Opening 

Get SALT Encoding   

  12  0:00  Probe  
  13  0:12  Probe  
  14  0:17  Pylon  
  14  0:24  Probe (Chrono Boost)  
  15  0:37  Probe (Chrono Boost), Gateway  
  16  0:44  Probe (Chrono Boost)  
  16  0:46  Assimilator  
  17  0:51  Probe  
  18  1:03  Probe  
  19  1:15  Probe  
  20  1:24  Nexus  
  20  1:33  Cybernetics Core  
  20  1:36  Probe  
  21  1:42  Assimilator  
  21  1:48  Probe  
  21  1:52  Pylon  
  22  2:01  Probe  
  23  2:08  Adept (Chrono Boost)  
  23  2:13  Probe  
  26  2:17  Stargate  
  26  2:25  Probe  
  26  2:26  Warp Gate  
  27  2:30  Adept (Chrono Boost)  
  27  2:33  Probe  
  30  2:37  Probe  
  30  2:41  Probe  
  31  2:49  Probe, Adept (Chrono Boost)  
  31  2:50  Probe  
  36  3:02  Probe, Oracle (Chrono Boost)  
  40  3:06  Probe  
  41  3:13  Pylon  
  41  3:14  Probe  
  41  3:18  Probe  
  43  3:26  Probe  
  44  3:28  Gateway  
  44  3:32  Probe  
  45  3:39  Gateway  
  45  3:41  Oracle (Chrono Boost)  
  45  3:42  Shield Battery  
  45  3:46  Stalker  
  45  3:48  Probe  
  51  3:49  Probe  
  52  3:56  Pylon  
  52  4:01  Probe  
  53  4:04  Probe  
  54  4:13  Phoenix (Chrono Boost)  
  54  4:14  Probe  
  57  4:21  Nexus  
  57  4:24  Pylon  
  57  4:25  Probe  
  57  4:29  Probe  
  59  4:36  Phoenix, Assimilator  
  61  4:38  Assimilator  
  61  4:42  Probe, Pylon  
  62  4:46  Stalker  
  62  4:47  Stalker  
  62  4:52  Probe  
  67  4:54  Probe  
  68  5:05  Probe  
  69  5:08  Twilight Council  
  69  5:10  Forge  
  69  5:14  Robotics Facility  
  69  5:15  Probe  
  69  5:18  Probe  
  71  5:24  Protoss Ground Weapons Level 1  
  71  5:26  Sentry  
  71  5:28  Probe (Chrono Boost)  
  74  5:31  Probe (Chrono Boost)  
  74  5:32  Gateway  
  74  5:33  Gateway  
  74  5:35  Probe (Chrono Boost)  
  76  5:36  Blink (Chrono Boost)  
  76  5:41  Gateway  
  78  5:46  Probe (Chrono Boost)  
  78  5:47  Probe x2 (Chrono Boost)  
  79  5:52  Probe (Chrono Boost)  
  79  5:55  Probe x2  
  82  5:57  Pylon  
  82  6:05  Observer (Chrono Boost)  
  82  6:07  Robotics Bay  
  82  6:10  Zealot  
  85  6:11  Zealot, Stalker  
  85  6:14  Shield Battery  
  85  6:16  Photon Cannon  
  89  6:20  Immortal (Chrono Boost)  
  93  6:30  Probe x2  
  93  6:31  Probe  
  93  6:32  Pylon  
  96  6:36  Pylon  
  96  6:37  Sentry x2  
  96  6:39  Pylon  
  100  6:49  Pylon  
  100  6:51  Gateway x2  
  100  6:52  Stalker x3  
  106  7:00  Assimilator  
  106  7:02  Pylon  
  106  7:05  Colossus (Chrono Boost)  
  109  7:09  Zealot  
  109  7:10  Zealot x2  
  115  7:23  Zealot x2  
  115  7:24  Zealot, Photon Cannon, Shield Battery  
  121  7:30  Charge (Chrono Boost)  
  121  7:31  Extended Thermal Lance  
  121  7:39  Stalker x2  
  121  7:40  Zealot  
  127  7:48  Zealot x3  
  129  7:58  Stalker  
  134  8:05  Stalker  
  134  8:06  Stalker  
  134  8:07  Zealot  
  134  8:08  Zealot  
  127  8:20  Zealot x2  
  127  8:21  Zealot  
  131  8:31  Stalker x5  
  137  8:45  Stalker x2  
  141  8:54  Zealot  
  141  8:55  Zealot x4  
  127  9:00  Zealot  
  116  9:05  Probe x3  
  116  9:07  Colossus (Chrono Boost)  
  119  9:11  Pylon  
  119  9:12  Assimilator  
  119  9:15  Zealot, Sentry  
  129  9:25  Protoss Ground Armor Level 1 (Chrono Boost)  
  129  9:28  Probe x3  
  129  9:29  Pylon  
  132  9:32  Templar Archives  
  129  9:43  Zealot x2  
  129  9:44  Zealot  
  131  9:52  Zealot x3  
  137  10:01  Pylon  
  137  10:06  Colossus (Chrono Boost)  
  137  10:09  High Templar x2  
  147  10:15  Forge  
  147  10:22  Zealot x4, Psionic Storm  
  151  10:33  Zealot x2  
  141  10:37  Probe x3  
  142  10:49  Probe x2  
  144  10:50  High Templar x2  
  148  11:01  Observer  
  148  11:02  Pylon  
  149  11:14  Zealot  
  149  11:15  Zealot x2  
  136  11:34  Zealot x4  
Show
View Real Time Build Order
Export as new Build Order

INnoVation Terran 

Build Orders: Cyclone Opening, Gas First Reaper Expand, Reaper Expand, MMM Bio 

Get SALT Encoding   

  12  0:00  SCV  
  13  0:12  SCV  
  14  0:17  Supply Depot  
  14  0:24  SCV  
  14  0:27  Refinery  
  15  0:38  SCV  
  16  0:44  Barracks  
  16  0:50  SCV  
  17  1:02  SCV  
  18  1:15  SCV  
  19  1:31  Reaper, Orbital Command  
  20  1:48  Command Center  
  20  1:51  Refinery  
  20  2:01  Factory  
  20  2:05  Barracks Reactor  
  20  2:07  SCV  
  21  2:19  SCV  
  22  2:24  Supply Depot  
  22  2:31  SCV  
  23  2:45  SCV  
  23  2:49  Cyclone x2  
  30  2:59  SCV, Orbital Command  
  31  3:06  Starport  
  31  3:11  SCV  
  32  3:22  Hellion x2  
  32  3:24  SCV  
  32  3:25  Liberator  
  37  3:32  SCV  
  38  3:37  Supply Depot  
  38  3:47  SCV x2  
  43  3:51  Factory Tech Lab  
  43  3:52  Marine x2  
  45  3:59  SCV x2  
  46  4:05  Supply Depot  
  46  4:09  Siege Tank, Marine x2  
  49  4:11  SCV  
  49  4:12  SCV  
  53  4:23  SCV  
  53  4:24  SCV  
  54  4:25  Barracks  
  54  4:29  Engineering Bay  
  54  4:34  Starport Reactor  
  54  4:36  SCV x2  
  56  4:39  Barracks  
  56  4:41  Supply Depot  
  56  4:46  Factory Reactor, Refinery  
  56  4:49  SCV x2  
  56  4:51  Marine, Factory Reactor  
  56  4:52  Stimpack  
  59  4:56  Supply Depot  
  59  4:59  Terran Infantry Weapons Level 1  
  59  5:01  SCV x2  
  58  5:13  SCV x2  
  60  5:14  Barracks  
  60  5:20  Starport Reactor  
  57  5:22  Marine  
  57  5:25  SCV x2, Marine x2  
  57  5:28  Barracks  
  62  5:29  Widow Mine x2  
  62  5:32  Supply Depot  
  62  5:35  Marine  
  67  5:36  Marine  
  67  5:37  SCV x2  
  67  5:42  Refinery  
  70  5:44  Marine x3  
  73  5:50  Supply Depot, SCV x2  
  73  5:53  Marine  
  73  5:54  Widow Mine x2  
  80  5:59  Supply Depot  
  80  6:03  Barracks Tech Lab  
  80  6:05  Medivac x2  
  80  6:08  Marauder  
  86  6:12  Marine x3  
  86  6:13  Supply Depot  
  86  6:14  Marine  
  86  6:15  Barracks Tech Lab  
  90  6:19  Widow Mine  
  90  6:20  Widow Mine  
  94  6:28  Combat Shields  
  94  6:30  Supply Depot  
  94  6:31  Marauder  
  96  6:33  Marauder  
  96  6:36  Concussive Shells, Marauder  
  100  6:40  Widow Mine  
  100  6:41  Widow Mine  
  100  6:45  Medivac  
  106  6:48  Medivac  
  106  6:50  Supply Depot  
  106  6:51  Marine  
  106  6:53  Marine x2  
  111  6:55  Marine  
  112  7:02  Widow Mine  
  112  7:03  Widow Mine  
  116  7:10  Supply Depot x2  
  116  7:11  Terran Infantry Armor Level 1  
  116  7:13  Marine x4  
  120  7:20  Marauder x2  
  120  7:21  Marauder  
  126  7:26  Supply Depot  
  126  7:27  Widow Mine  
  125  7:32  Widow Mine, Medivac  
  125  7:34  Medivac  
  131  7:40  Supply Depot  
  131  7:46  Marauder x3  
  137  7:51  Marine x2  
  137  7:52  Marine x2  
  137  7:54  Widow Mine x2  
  144  8:07  Marauder  
  144  8:08  Marauder x2  
  148  8:13  Marine x2  
  148  8:14  Marine x2  
  148  8:18  Widow Mine x2  
  145  8:24  Medivac x2  
  140  8:36  Marine x4, Marauder x3  
  137  8:44  Widow Mine x2  
  139  8:54  Marine x3  
  126  8:57  Marauder x2  
  108  9:03  Medivac x2  
  108  9:09  Widow Mine  
  106  9:10  Widow Mine  
  106  9:15  Marauder  
  108  9:19  Liberator x2, Marauder x2  
  108  9:20  Marine x2  
  108  9:21  Marine  
  108  9:22  Marine  
  116  9:31  Widow Mine x2  
  121  9:46  Marauder x2  
  121  9:49  Marine x3  
  121  9:50  Marine  
  123  9:56  Widow Mine x2  
  127  10:00  Marauder  
  127  10:02  Liberator x2  
  129  10:08  Marauder x2  
  129  10:09  Marine x4  
  131  10:36  Marauder x2  
  131  10:37  Marauder  
  131  10:38  Marine x3  
  131  10:39  Marine  
  127  10:42  Widow Mine  
  127  10:43  Widow Mine  
  127  10:57  Marauder x2  
  127  10:58  Marauder  
  127  11:00  Marine x2  
  127  11:01  Marine x2  

Tags
 
Add a new tag
Caveats
  • Supply blocks, unpowered buildings, or Contaminate may cause inaccurate times.
  • Supply counts are checked every 10 seconds.